 Dungeon Crawl Stone Soup version 0.30.1-4-g462c640d31 (webtiles) character file.

Game seed: 11394829685087326167

128 spardeous the Digger (level 4, -8/33 HPs)
             Began as a Demigod Earth Elementalist on Aug 15, 2023.
             Mangled by Jessica
             ... wielding a +5 club
              (10 damage)
             ... on level 2 of the Dungeon.
             The game lasted 00:01:38 (1462 turns).

spardeous the Digger (Demigod Earth Elementalist)   Turns: 1462, Time: 00:01:38

Health: -8/33      AC:  2    Str:  9    XL:     4   Next: 58%
Magic:  7/11       EV: 12    Int: 21    God:
Gold:   74         SH:  0    Dex: 14    Spells: 5/9 levels left

rFire   . . .        (no weapon)
rCold   . . .        (no shield)
rNeg    . . .        a - +0 robe
rPois   .            (no helmet)
rElec   .            (no cloak)
rCorr   .            (no gloves)
SInv    .            (no boots)
Will    .....        (no amulet)
Stlth   ++           (no ring)
HPRegen 0.25/turn    (no ring)
MPRegen 0.12/turn

%: no passive effects
@: very slightly contaminated, slowed, very slow
A: high MP 1, forlorn, divine attributes
a: no special abilities


You were on level 2 of the Dungeon.
You visited 1 branch of the dungeon, and saw 2 of its levels.

You collected 74 gold pieces.

Inventory:

Armour
 a - a +0 robe (worn)
Scrolls
 f - 3 scrolls of identify {unknown}
 g - 3 scrolls of teleportation {unknown}
 h - a scroll of blinking {unknown}
 k - a scroll of immolation {unknown}
 l - a scroll of fear {unknown}
Potions
 b - a potion of magic
 c - a potion of might {unknown}
 d - a potion of ambrosia {unknown}
 e - a potion of curing
 i - a potion of flight {unknown}
 j - a potion of attraction {unknown}


   Skills:
 - Level 1.7 Dodging
 - Level 1.7 Stealth
 + Level 3.2 Spellcasting
 - Level 0.8 Transmutations
 + Level 4.1 Earth Magic


You had 5 spell levels left.
You knew the following spells:

 Your Spells              Type           Power      Damage    Failure   Level
a - Sandblast             Erth           40%        2d10      2%          1
b - Stone Arrow           Conj/Erth      24%        3d8       17%         3

Your spell library contained the following spells:

 Spells                   Type           Power      Damage    Failure   Level
 Passwall                 Tmut/Erth      10%        N/A       7%          2
 Ensorcelled Hibernation  Hex/Ice        6%         N/A       21%         2
 Ignite Poison            Fire/Tmut/Pois 4%         N/A       34%         3
 Swiftness                Air            3%         N/A       36%         3
 Petrify                  Tmut/Erth      13%        N/A       43%         4
 Sticky Flame             Conj/Fire      3%         2d3       78%         4
 Ignition                 Fire           1%         3d3       100%        8


Dungeon Overview and Level Annotations

Branches:
Dungeon (2/15)

Annotations:
D:2 Jessica


Innate Abilities, Weirdness & Mutations

You have an increased reservoir of magic. (+10% MP)
You shall have no god before yourself.
Your divine heritage dramatically boosts your attributes as you level up.


Message History

You take 17 damage, and have 16/33 hp.
MASSIVE DAMAGE!!
You now have 9/11 mp.
Natasha casts a spell at you.
You feel yourself slow down.
Jessica casts a spell.
Jessica blinks!
Casting: Sandblast (safe; 2% risk of failure)
Confirm with . or Enter, or press ? or * to list all spells.
Aiming: Sandblast (safe; 2% risk of failure)
Press: ? - help, Shift-Dir - straight line, f/p - Natasha
Aim: Natasha (heavily wounded, 79% to hit)
The blast of sand hits Natasha.
Natasha is almost dead.
Natasha claws you.
* * * LOW HITPOINT WARNING * * *
Natasha casts a spell at you. The magic dart hits you.
* * * LOW HITPOINT WARNING * * *
Casting: Sandblast (safe; 2% risk of failure)
Confirm with . or Enter, or press ? or * to list all spells.
Aiming: Sandblast (safe; 2% risk of failure)
Press: ? - help, Shift-Dir - straight line, f/p - Natasha
Aim: Natasha (almost dead, 79% to hit)
You miscast Sandblast.
You are very lightly contaminated with residual magic.
Nothing appears to happen.
Natasha claws you.
* * * LOW HITPOINT WARNING * * *
You take 11 damage, and have 6/33 hp.
MASSIVE DAMAGE!!
You now have 8/11 mp.
Casting: Sandblast (safe; 2% risk of failure)
Confirm with . or Enter, or press ? or * to list all spells.
Aiming: Sandblast (safe; 2% risk of failure)
Press: ? - help, Shift-Dir - straight line, f/p - Natasha
Aim: Natasha (almost dead, 79% to hit)
The blast of sand hits Natasha.
You kill Natasha!
Natasha screams in pain as she dies!
Jessica shouts, "Stop bothering me, or I'll kill you!"
Jessica hits you with a +5 club.
* * * LOW HITPOINT WARNING * * *
Jessica hits you with a +5 club!
You die...

.... .. #... .....#.
#... .....#. ...
.......######## #..
.............§.#######.#
...#..# ..........
#..#.#### #........
###..#.@..### #......g.
#.....@.#...#######....
#.......##.÷..........#
#.......#..#.#........#
#.........##..##..g....
#..........##.##..###..
#.......)).........#...
#####.÷##.###....#.....
##<##..##.....†....
#.###.............


You could see Jessica.

Vanquished Creatures
  Natasha (twice) (D:2)
  4 gnolls (D:2)
  An adder (D:2)
  3 dart slugs
  An endoplasm (D:1)
  5 giant cockroaches
  6 goblins (D:1)
  7 hobgoblins
  4 jackals (D:1)
  2 quokkas (D:1)
  3 ball pythons
  3 bats (D:1)
  3 kobolds (D:1)
  4 rats
48 creatures vanquished.

Notes
Turn   | Place    | Note
-------+----------+-------------------------------------------
     0 | D:1      | spardeous the Demigod Earth Elementalist began the quest
                  | for the Orb.
     0 | D:1      | Reached XP level 1. HP: 14/14 MP: 5/5
   138 | D:1      | Reached skill level 3 in Earth Magic
   207 | D:1      | Reached XP level 2. HP: 15/20 MP: 0/7
   834 | D:1      | Reached XP level 3. HP: 26/26 MP: 6/9
  1103 | D:2      | Learned a level 3 spell: Stone Arrow
  1254 | D:2      | Noticed Natasha
  1257 | D:2      | Killed Natasha
  1258 | D:2      | HP: 1/26 [poisoned by an adder]
  1259 | D:2      | Reached XP level 4. HP: 2/33 MP: 3/11
  1396 | D:2      | Reached skill level 4 in Earth Magic
  1452 | D:2      | Noticed Natasha
  1454 | D:2      | Noticed Jessica
  1462 | D:2      | Killed Natasha
  1462 | D:2      | Mangled by Jessica

Illustrated notes

Levels and vault maps discovered:
D:1:      tarquinn_simple_flora_water_c, layout_basic, roderic_serpentine_path,
          minmay_pentomino_q4
D:2:      layout_rooms, dreamdust_ecumenical_altar_statues, uniq_jessica,
          uniq_natasha

Skill      XL: |  1  2  3  4 |
---------------+-------------+-----
Spellcasting   | 2 3 |  3.2
Earth Magic    | 3 4 |  4.1
Dodging        | |  1.7
Stealth        | |  1.7
Transmutations | |  0.8

Action                     |  1- 3 |  4- 6 || total
---------------------------+-------+-------++-------
  Melee: Unarmed           |     7 |       ||     7
   Cast: Sandblast         |    68 |    12 ||    80
    Use: Potion            |       |     1 ||     1
 Armour: Robe              |     1 |       ||     1
  Dodge: Dodged            |    21 |       ||    21
